 Dungeon Crawl Stone Soup version 0.28.0-43-g3370ac3207 (webtiles) character file.

Game seed: 16211995506712317826

942 issech the Cudgeller (level 7, -9/70 HPs)
             Began as a Troll Monk on Mar 20, 2022.
             Mangled by a gnoll sergeant
             ... wielding a +6 spear of flaming
              (15 damage)
             ... on level 5 of the Dungeon.
             The game lasted 00:17:45 (4367 turns).

issech the Cudgeller (Troll Monk)                   Turns: 4367, Time: 00:17:45

Health: -9/70      AC:  4    Str: 20    XL:     7   Next: 88%
Magic:  6/6        EV: 11    Int:  6    God:
Gold:   207        SH:  0    Dex: 14    Spells: 6/6 levels left

rFire   . . .      SeeInvis .   x - +1 giant spiked club (spect)
rCold   . . .      Faith    .   (shield currently unavailable)
rNeg    + . .      Spirit   .   b - +0 robe
rPois   .          Reflect  .   (helmet restricted)
rElec   .          Harm     .   (no cloak)
rCorr   .          Rampage  .   (gloves unavailable)
Will    .....                   (boots unavailable)
Stlth   ++........              (no amulet)
HPRegen 1.01/turn               c - ring of positive energy
MPRegen 0.10/turn               (no ring)

@: no status effects
A: large, unfitting armour, claws 3, regeneration 1, shaggy fur 1, tough skin 1
a: no special abilities


You were on level 5 of the Dungeon.
You visited 1 branch of the dungeon, and saw 5 of its levels.
You also visited: Sewer.

You collected 207 gold pieces.

Inventory:

Hand Weapons
 a - a +0 mace
 i - a +0 flail
 p - a +0 hand crossbow
 x - a +1 spectral giant spiked club (weapon)
 z - a +0 flail
Missiles
 e - 150 stones (quivered)
 f - 88 arrows
 j - 6 poisoned darts
 l - 66 sling bullets
 m - a throwing net
 q - 3 boomerangs
 v - 5 javelins
Armour
 b - a +0 robe (worn)
Jewellery
 c - a ring of positive energy (left claw)
 s - a ring of protection from fire
Wands
 u - a wand of digging (5)
 y - a wand of paralysis (12)
Scrolls
 g - a scroll of fog
 h - a scroll of enchant weapon
 n - a scroll of fear {unknown}
 r - a scroll of identify {unknown}
 t - a scroll of amnesia
 w - a scroll of summoning {unknown}
 A - a scroll of torment {unknown}
 C - 2 scrolls of noise {unknown}
 E - a scroll of teleportation
 F - a scroll of blinking
Potions
 d - a potion of flight {unknown}
 k - 6 potions of curing {unknown}
 o - 3 potions of might
 B - a potion of berserk rage {unknown}
 D - a potion of attraction {unknown}
 G - a potion of lignification {unknown}


   Skills:
 + Level 4.0 Fighting
 + Level 6.3 Maces & Flails
 + Level 0.2 Throwing
 + Level 4.2 Dodging
 + Level 2.0 Stealth


You had 6 spell levels left.
You didn't know any spells.
Your spell library contained the following spells:

 Spells                   Type           Power      Damage    Failure   Level
 Sting                    Tmut/Pois      0%         1d3       45%         1
 Ensorcelled Hibernation  Hex/Ice        0%         N/A       58%         2
 Inner Flame              Hex/Fire       0%         N/A       83%         3
 Silence                  Hex/Air        0%         N/A       100%        5


Dungeon Overview and Level Annotations

Branches:
Dungeon (5/15)              Sewer (visited)
 Temple: D:4-7

Altars:
Dithmenos

Shops:
D:3 =

Annotations:
D:3 1 runed translucent door, experimilk's ghost, amateur PaWr


Innate Abilities, Weirdness & Mutations

You are too large for most types of armour.
You have claws for hands.
Your natural rate of healing is unusually fast.
You are covered in fur. (AC +1)
You have tough skin. (AC +1)


Message History

Your +1 spectral giant spiked club hits the gnoll!!!
You kill the gnoll!
The bullfrog zombie hits your +1 spectral giant spiked club but does no damage.
The bullfrog zombie barely misses your +1 spectral giant spiked club.
Things that are here:
a +0 spear; a smoky grey potion You bludgeon the bullfrog zombie!!
The bullfrog zombie is severely damaged.
Your +1 spectral giant spiked club hits the bullfrog zombie!!!
You destroy the bullfrog zombie!
You swap places.
Things that are here:
a +0 flail; a gnoll corpse
i - a +0 flail
G - a smoky grey potion You see here a +0 spear.
A gnoll sergeant comes into view. It is wielding a +6 spear of flaming.
The gnoll sergeant shouts!
The gnoll sergeant hits you from afar with a +6 spear of flaming.
The gnoll sergeant burns you.
The gnoll sergeant hits you with a +6 spear of flaming!
The gnoll sergeant burns you.
You barely miss the gnoll sergeant. The gnoll sergeant barely misses you.
The gnoll sergeant hits you with a +6 spear of flaming!
The gnoll sergeant burns you.
You bludgeon the gnoll sergeant!!
The gnoll sergeant is almost dead.
The gnoll sergeant hits you with a +6 spear of flaming.
The gnoll sergeant burns you.
You barely miss the gnoll sergeant.
The gnoll sergeant is almost dead.
The gnoll sergeant hits you with a +6 spear of flaming!
The gnoll sergeant burns you. The gnoll sergeant closely misses you.
An adder comes into view.
The gnoll sergeant hits you from afar with a +6 spear of flaming!
* * * LOW HITPOINT WARNING * * *
The gnoll sergeant burns you!
* * * LOW HITPOINT WARNING * * *
The gnoll sergeant hits you from afar with a +6 spear of flaming!
You die...

#.#####.## #.# #.#
#.# #.#
#########.#####.#
#..†.....)).....#
#)#######>........
#.# #.######## #.#
#.# #@#######.#
#..g.S..#.#
#######.#.# #.#
#.# ..# ###


You could see a gnoll sergeant and an adder (wandering).

Vanquished Creatures
  A water moccasin (D:5)
  A black bear (D:5)
  2 ogres
  2 bullfrogs (Sewer)
  A howler monkey (D:4)
  A bullfrog zombie (D:5)
  An orc priest (D:4)
  A bullfrog skeleton (D:5)
  An iguana (D:4)
  An orc wizard (D:4)
  A killer bee zombie (D:5)
  5 gnolls
  9 adders
  A river rat (D:5)
  An ufetubus (D:4)
  An adder skeleton (D:4)
  2 dart slugs (D:2)
  8 orcs
  4 endoplasms
  13 giant cockroaches
  7 goblins
  6 hobgoblins
  4 jackals
  6 kobolds
  5 quokkas
  10 ball pythons
  4 bats
  9 frilled lizards
  10 rats
118 creatures vanquished.

Vanquished Creatures (others)
  2 withered plants (D:3)
2 creatures vanquished.

Grand Total: 120 creatures vanquished

Notes
Turn   | Place    | Note
-------+----------+-------------------------------------------
     0 | D:1      | issech the Troll Monk began the quest for the Orb.
     0 | D:1      | Reached XP level 1. HP: 22/22 MP: 0/0
    60 | D:1      | Reached skill level 3 in Maces & Flails
    60 | D:1      | Reached XP level 2. HP: 26/29 MP: 1/1
   573 | D:2      | Reached XP level 3. HP: 34/36 MP: 2/2
   608 | D:2      | Found a shadowy altar of Dithmenos.
  1182 | D:2      | Reached XP level 4. HP: 30/44 MP: 3/3
  1315 | D:3      | Found Aleshry's Jewellery Boutique.
  1804 | D:3      | Found a runed translucent door.
  1808 | D:3      | Noticed experimilk's ghost (amateur PaWr)
  2036 | D:4      | Reached skill level 4 in Maces & Flails
  2048 | D:4      | Reached XP level 5. HP: 53/53 MP: 4/4
  2207 | D:4      | Noticed an ogre
  2686 | D:4      | Killed an ogre
  2687 | D:4      | Reached XP level 6. HP: 29/61 MP: 5/5
  3556 | D:5      | Entered Level 5 of the Dungeon
  3664 | D:5      | Found a glowing drain.
  3680 | Sewer    | Entered a sewer
  3868 | Sewer    | Reached skill level 5 in Maces & Flails
  3959 | Sewer    | Reached XP level 7. HP: 60/68 MP: 6/6
  4293 | D:5      | Reached skill level 6 in Maces & Flails
  4329 | D:5      | Got the Reference Book on Poison and Execration
  4367 | D:5      | Mangled by a gnoll sergeant

Illustrated notes

Levels and vault maps discovered:
D:1:      dpeg_arrival_shrine, layout_rooms, chequers_serial_rivers_marsh,
          minmay_misc_feat_nine_boxes, minmay_misc_feat_hallway
D:2:      layout_loops_ring, basic_altar
D:3:      layout_basic, gammafunk_ghost_grave, serial_shops,
          nicolae_square_shop, st_stairs_6
D:4:      layout_gridville, serial_rivers, chequers_serial_rivers_small_a,
          chequers_serial_rivers_micro_b, chequers_serial_rivers_micro_d,
          chequers_serial_rivers_room_b, chequers_serial_rivers_room_a,
          minmay_bisected
D:5:      layout_basic, portal_sewer_entry_e, uniq_pikel

Skill      XL: |  1  2  3  4  5  6  7 |
---------------+----------------------+-----
Maces & Flails | 3 4 5 6 |  6.3
Fighting       | 3 4 |  4.0
Dodging        | 3 4 |  4.2
Stealth        | 2 |  2.0
Throwing       | |  0.2

Action                   |  1- 3 |  4- 6 |  7- 9 || total
-------------------------+-------+-------+-------++-------
Melee: Mace              |   109 |   131 |       ||   240
       Punch             |       |     1 |       ||     1
       Giant spiked club |       |   152 |    24 ||   176
Throw: Stone             |       |     6 |       ||     6
  Use: Scroll            |       |     4 |     2 ||     6
 Stab: Sleeping          |     2 |     2 |       ||     4
       Distracted        |       |     1 |       ||     1
Armor: Robe              |    40 |   154 |     9 ||   203
Dodge: Dodged            |    76 |   298 |    24 ||   398
